[ PARTIDA AOE2 · #506729791 ]
UnrankedWu vs Turks
Equipo del jugador · DERR
Equipo rival · VICT
[ ANÁLISIS DE REPETICIÓN · EXTRAÍDO DE LA PARTIDA GRABADA ]
Feudal
10:32
Castillos
23:36
Imperial
40:45
| APM promedio | 88.7 |
| APM pico | 248 |
| eAPM promedio | 56.5 |
| Aldeanos / militares | 312 / 86 |
Foco
⚔️ 65.7% · 🌾 34.3%
Unknown (1968) ×99 · Spearman ×41 · Skirmisher ×25 · Unknown (1974) ×19 · Militia ×15 · Unknown (1942) ×6
Feudal
9:21
Castillos
22:06
Imperial
36:08
| APM promedio | 55.4 |
| APM pico | 95 |
| eAPM promedio | 26.4 |
| Aldeanos / militares | 163 / 204 |
Foco
⚔️ 40.0% · 🌾 60.0%
Scout Cavalry ×102 · Cavalry Archer ×78 · Archer ×16 · Trebuchet (Packed) ×4 · Monk ×2 · Knight ×1
Mapa de la partida
Recursos iniciales + cada clic de construcción. Líneas = muros · curvas = relieve. ◆ oro · ⬟ piedra · ● bayas · ✦ reliquia · ◌ hueco del cierre
Tu base· Abierta — hueco de 4t
Base de if i lose it all· Abierta — hueco de 4t
Terreno inicial suavizado · ◌ = hueco del cierre detectado · pasá el cursor para detalles
Inputs por minuto
— HaraKiri_aoe - - if i lose it all
Build order — HaraKiri_aoe
Primeras 150 de 743 acciones detectadas
| 0:00 | Crear | Villager (Male) |
| 0:01 | Crear | Villager (Male) |
| 0:02 | Construir | House |
| 0:02 | Crear | Villager (Male) |
| 0:04 | Construir | House |
| 0:04 | Crear | Villager (Male) |
| 1:38 | Crear | Villager (Male) |
| 1:56 | Crear | Villager (Male) |
| 2:02 | Construir | Lumber Camp |
| 2:28 | Crear | Villager (Male) |
| 2:50 | Crear | Villager (Male) |
| 3:07 | Crear | Villager (Male) |
| 3:23 | Construir | House |
| 3:29 | Crear | Villager (Male) |
| 3:51 | Crear | Villager (Male) |
| 4:12 | Crear | Villager (Male) |
| 4:31 | Crear | Villager (Male) |
| 4:49 | Construir | Barracks |
| 4:55 | Crear | Villager (Male) |
| 5:02 | Crear | Villager (Male) |
| 5:26 | Construir | House |
| 5:30 | Crear | Villager (Male) |
| 5:34 | Crear | Villager (Male) |
| 5:41 | Crear | Militia |
| 5:43 | Crear | Militia |
| 5:46 | Crear | Villager (Male) |
| 5:51 | Construir | House |
| 5:54 | Construir | Palisade Wall |
| 6:05 | Crear | Villager (Male) |
| 6:06 | Crear | Villager (Male) |
| 6:33 | Crear | Villager (Male) |
| 6:56 | Crear | Villager (Male) |
| 7:10 | Crear | Villager (Male) |
| 7:41 | Crear | Villager (Male) |
| 7:44 | Investigar | Loom |
| 7:44 | Investigar | Loom |
| 8:12 | Construir | Mill |
| 8:22 | Investigar | Feudal Age |
| 8:40 | Construir | Mining Camp |
| 9:18 | Crear | Militia |
| 9:38 | Crear | Villager (Male) |
| 9:49 | Construir | Farm |
| 9:49 | Crear | Militia |
| 9:50 | Crear | Militia |
| 9:51 | Construir | Farm |
| 9:53 | Construir | Farm |
| 10:03 | Crear | Villager (Male) |
| 10:10 | Crear | Militia |
| 10:12 | Construir | Palisade Wall |
| 10:17 | Construir | Palisade Wall |
| 10:31 | Construir | Palisade Wall |
| 10:32 | Edad | Edad Feudal |
| 10:39 | Crear | Villager (Male) |
| 10:40 | Crear | Spearman |
| 10:44 | Crear | Villager (Male) |
| 10:45 | Crear | Villager (Male) |
| 10:45 | Crear | Villager (Male) |
| 10:48 | Construir | Palisade Wall |
| 10:49 | Crear | Villager (Male) |
| 10:50 | Crear | Villager (Male) |
| 10:52 | Construir | Palisade Wall |
| 11:08 | Investigar | Man-at-Arms (upgrade) |
| 11:09 | Crear | Villager (Male) |
| 11:09 | Crear | Villager (Male) |
| 11:10 | Crear | Villager (Male) |
| 11:12 | Construir | House |
| 11:14 | Construir | Palisade Wall |
| 11:16 | Construir | Palisade Wall |
| 11:30 | Crear | Villager (Male) |
| 11:39 | Construir | Farm |
| 11:40 | Crear | Villager (Male) |
| 11:41 | Crear | Villager (Male) |
| 11:42 | Construir | Archery Range |
| 11:51 | Crear | Villager (Male) |
| 11:53 | Crear | Villager (Male) |
| 11:58 | Construir | House |
| 12:04 | Construir | Palisade Wall |
| 12:04 | Construir | Palisade Wall |
| 12:12 | Construir | House |
| 12:13 | Construir | Palisade Wall |
| 12:16 | Construir | House |
| 12:17 | Crear | Villager (Male) |
| 12:26 | Construir | Blacksmith |
| 12:31 | Crear | Villager (Male) |
| 12:32 | Crear | Villager (Male) |
| 12:37 | Crear | Skirmisher |
| 12:39 | Crear | Villager (Male) |
| 12:50 | Crear | Skirmisher |
| 12:53 | Crear | Villager (Male) |
| 12:54 | Crear | Villager (Male) |
| 13:04 | Construir | Farm |
| 13:05 | Crear | Villager (Male) |
| 13:09 | Crear | Skirmisher |
| 13:21 | Investigar | Fletching |
| 13:21 | Investigar | Padded Archer Armor |
| 13:22 | Crear | Skirmisher |
| 13:25 | Crear | Villager (Male) |
| 13:27 | Crear | Villager (Male) |
| 13:33 | Construir | Farm |
| 13:35 | Crear | Skirmisher |
| 13:36 | Crear | Villager (Male) |
| 13:41 | Investigar | Double-Bit Axe |
| 14:00 | Crear | Villager (Male) |
| 14:01 | Crear | Skirmisher |
| 14:05 | Construir | Farm |
| 14:07 | Construir | Farm |
| 14:18 | Crear | Villager (Male) |
| 14:29 | Investigar | Padded Archer Armor |
| 14:45 | Crear | Skirmisher |
| 14:47 | Crear | Villager (Male) |
| 14:47 | Crear | Villager (Male) |
| 14:49 | Construir | Farm |
| 14:51 | Construir | Farm |
| 14:54 | Crear | Skirmisher |
| 14:54 | Crear | Skirmisher |
| 14:56 | Crear | Skirmisher |
| 14:59 | Crear | Villager (Male) |
| 15:07 | Crear | Skirmisher |
| 15:08 | Crear | Skirmisher |
| 15:14 | Investigar | Scale Mail Armor |
| 15:14 | Crear | Villager (Male) |
| 15:33 | Crear | Villager (Male) |
| 15:40 | Crear | Villager (Male) |
| 15:40 | Crear | Skirmisher |
| 15:44 | Crear | Skirmisher |
| 15:48 | Crear | Militia |
| 15:48 | Crear | Militia |
| 15:52 | Construir | Farm |
| 15:54 | Crear | Villager (Male) |
| 15:56 | Construir | Farm |
| 16:01 | Crear | Villager (Male) |
| 16:12 | Construir | House |
| 16:12 | Construir | House |
| 16:21 | Crear | Skirmisher |
| 16:23 | Investigar | Town Watch |
| 16:26 | Crear | Villager (Male) |
| 16:27 | Crear | Villager (Male) |
| 16:29 | Crear | Villager (Male) |
| 16:42 | Crear | Villager (Male) |
| 16:54 | Crear | Villager (Male) |
| 17:00 | Construir | House |
| 17:01 | Crear | Villager (Male) |
| 17:25 | Crear | Villager (Male) |
| 17:27 | Crear | Militia |
| 17:28 | Crear | Archer |
| 17:29 | Crear | Skirmisher |
| 17:48 | Crear | Militia |
| 17:50 | Crear | Militia |
| 17:51 | Crear | Skirmisher |
| 17:51 | Crear | Skirmisher |
Build order — if i lose it all
Primeras 150 de 524 acciones detectadas
| 0:00 | Crear | Villager (Male) |
| 0:02 | Construir | House |
| 0:02 | Construir | House |
| 0:09 | Crear | Villager (Male) |
| 0:09 | Crear | Villager (Male) |
| 0:09 | Crear | Villager (Male) |
| 1:24 | Crear | Villager (Male) |
| 1:44 | Construir | Lumber Camp |
| 2:08 | Crear | Villager (Male) |
| 2:22 | Crear | Villager (Male) |
| 2:35 | Crear | Villager (Male) |
| 3:11 | Crear | Villager (Male) |
| 3:41 | Crear | Villager (Male) |
| 3:51 | Construir | House |
| 3:52 | Construir | House |
| 4:02 | Crear | Villager (Male) |
| 4:27 | Crear | Villager (Male) |
| 4:41 | Construir | Mill |
| 4:54 | Construir | Palisade Wall |
| 4:57 | Crear | Villager (Male) |
| 5:09 | Crear | Villager (Male) |
| 5:11 | Construir | Palisade Wall |
| 5:33 | Crear | Villager (Male) |
| 5:34 | Investigar | Loom |
| 5:37 | Crear | Villager (Male) |
| 5:38 | Investigar | Loom |
| 5:58 | Construir | Palisade Wall |
| 6:18 | Construir | Palisade Wall |
| 7:11 | Investigar | Feudal Age |
| 8:05 | Construir | Barracks |
| 8:09 | Construir | Palisade Wall |
| 8:23 | Crear | Villager (Male) |
| 8:52 | Construir | Mining Camp |
| 9:13 | Construir | Palisade Wall |
| 9:21 | Edad | Edad Feudal |
| 9:34 | Crear | Villager (Male) |
| 9:37 | Construir | Archery Range |
| 9:44 | Construir | House |
| 9:56 | Investigar | Double-Bit Axe |
| 9:58 | Crear | Villager (Male) |
| 10:14 | Crear | Villager (Male) |
| 10:34 | Crear | Archer |
| 10:38 | Crear | Archer |
| 10:48 | Construir | Palisade Wall |
| 10:51 | Construir | Palisade Wall |
| 10:51 | Construir | Palisade Wall |
| 10:56 | Construir | Blacksmith |
| 10:57 | Crear | Villager (Male) |
| 11:03 | Construir | Palisade Wall |
| 11:09 | Crear | Archer |
| 11:17 | Construir | Farm |
| 11:28 | Construir | House |
| 11:29 | Crear | Villager (Male) |
| 11:32 | Crear | Villager (Male) |
| 11:39 | Investigar | Fletching |
| 11:54 | Construir | Farm |
| 11:58 | Construir | Farm |
| 12:04 | Construir | Farm |
| 12:06 | Crear | Villager (Male) |
| 12:11 | Construir | Farm |
| 12:15 | Crear | Archer |
| 12:29 | Construir | Farm |
| 12:31 | Construir | Farm |
| 12:44 | Crear | Villager (Male) |
| 12:50 | Construir | Farm |
| 12:53 | Crear | Archer |
| 13:06 | Crear | Villager (Male) |
| 13:12 | Construir | House |
| 13:18 | Crear | Archer |
| 13:22 | Construir | Farm |
| 13:27 | Construir | Farm |
| 13:32 | Construir | House |
| 13:38 | Crear | Villager (Male) |
| 14:00 | Crear | Villager (Male) |
| 14:07 | Crear | Archer |
| 14:14 | Construir | Stable |
| 14:20 | Crear | Villager (Male) |
| 14:23 | Crear | Archer |
| 14:23 | Crear | Archer |
| 14:42 | Construir | Farm |
| 14:44 | Crear | Scout Cavalry |
| 14:44 | Crear | Scout Cavalry |
| 14:54 | Construir | Palisade Wall |
| 14:57 | Crear | Villager (Male) |
| 15:01 | Construir | Farm |
| 15:03 | Construir | Farm |
| 15:11 | Construir | Farm |
| 15:15 | Crear | Scout Cavalry |
| 15:17 | Crear | Villager (Male) |
| 15:42 | Crear | Scout Cavalry |
| 15:45 | Construir | House |
| 15:49 | Crear | Villager (Male) |
| 15:51 | Construir | Farm |
| 16:05 | Crear | Villager (Male) |
| 16:08 | Construir | House |
| 16:13 | Construir | Farm |
| 16:14 | Construir | Farm |
| 16:23 | Crear | Villager (Male) |
| 16:28 | Construir | Farm |
| 16:45 | Crear | Villager (Male) |
| 16:58 | Crear | Villager (Male) |
| 17:24 | Crear | Villager (Male) |
| 17:26 | Construir | Farm |
| 17:28 | Construir | Farm |
| 17:31 | Crear | Archer |
| 17:38 | Construir | Market |
| 17:46 | Construir | Lumber Camp |
| 18:16 | Crear | Villager (Male) |
| 18:38 | Crear | Villager (Male) |
| 18:52 | Crear | Archer |
| 18:56 | Construir | Archery Range |
| 19:20 | Construir | Farm |
| 19:26 | Investigar | Castle Age |
| 19:28 | Crear | Archer |
| 20:10 | Crear | Archer |
| 20:18 | Crear | Archer |
| 20:25 | Crear | Scout Cavalry |
| 20:26 | Crear | Scout Cavalry |
| 20:26 | Crear | Scout Cavalry |
| 20:38 | Construir | House |
| 20:57 | Investigar | Bloodlines |
| 21:04 | Crear | Scout Cavalry |
| 21:08 | Construir | House |
| 21:17 | Crear | Archer |
| 21:23 | Construir | Farm |
| 21:24 | Crear | Scout Cavalry |
| 21:35 | Crear | Archer |
| 21:47 | Construir | Farm |
| 21:49 | Construir | Mill |
| 22:06 | Edad | Edad de los Castillos |
| 22:13 | Construir | Town Center |
| 22:31 | Crear | Villager (Male) |
| 22:46 | Crear | Knight |
| 22:55 | Crear | Villager (Male) |
| 22:57 | Construir | Town Center |
| 23:02 | Crear | Cavalry Archer |
| 23:02 | Crear | Cavalry Archer |
| 23:06 | Crear | Villager (Male) |
| 23:23 | Crear | Villager (Male) |
| 23:26 | Investigar | Bodkin Arrow |
| 23:29 | Crear | Villager (Male) |
| 23:36 | Crear | Villager (Male) |
| 23:39 | Construir | House |
| 23:41 | Crear | Cavalry Archer |
| 23:41 | Crear | Cavalry Archer |
| 23:57 | Crear | Villager (Male) |
| 23:59 | Construir | Farm |
| 24:01 | Crear | Villager (Male) |
| 24:03 | Construir | House |
| 24:05 | Investigar | Bow Saw |
Cronología de la partida
| 4:49 | HaraKiri_aoe · first_building Barracks |
| 4:54 | if i lose it all · wall_segment Palisade Wall x3 |
| 5:11 | if i lose it all · wall_segment Palisade Wall x6 |
| 5:54 | HaraKiri_aoe · wall_segment Palisade Wall x3 |
| 5:58 | if i lose it all · wall_segment Palisade Wall x7 |
| 6:18 | if i lose it all · wall_segment Palisade Wall x2 |
| 8:05 | if i lose it all · first_building Barracks |
| 8:09 | if i lose it all · wall_segment Palisade Wall x7 |
| 9:13 | if i lose it all · wall_segment Palisade Wall x3 |
| 9:21 | if i lose it all · age_up feudal |
| 9:37 | if i lose it all · first_building Archery Range |
| 10:12 | HaraKiri_aoe · wall_segment Palisade Wall x1 |
| 10:17 | HaraKiri_aoe · wall_segment Palisade Wall x1 |
| 10:31 | HaraKiri_aoe · wall_segment Palisade Wall x7 |
| 10:32 | HaraKiri_aoe · age_up feudal |
| 10:48 | if i lose it all · wall_segment Palisade Wall x1 |
| 10:48 | HaraKiri_aoe · wall_segment Palisade Wall x8 |
| 10:51 | if i lose it all · wall_segment Palisade Wall x1 |
| 10:51 | if i lose it all · wall_segment Palisade Wall x1 |
| 10:52 | HaraKiri_aoe · wall_segment Palisade Wall x7 |
| 11:03 | if i lose it all · wall_segment Palisade Wall x1 |
| 11:14 | HaraKiri_aoe · wall_segment Palisade Wall x1 |
| 11:16 | HaraKiri_aoe · wall_segment Palisade Wall x1 |
| 11:42 | HaraKiri_aoe · first_building Archery Range |
| 12:04 | HaraKiri_aoe · wall_segment Palisade Wall x3 |
| 12:04 | HaraKiri_aoe · wall_segment Palisade Wall x8 |
| 12:13 | HaraKiri_aoe · wall_segment Palisade Wall x1 |
| 14:14 | if i lose it all · first_building Stable |
| 14:54 | if i lose it all · wall_segment Palisade Wall x1 |
| 20:35 | HaraKiri_aoe · wall_segment Stone Wall x1 |
| 20:35 | HaraKiri_aoe · wall_segment Stone Wall x1 |
| 20:35 | HaraKiri_aoe · wall_segment Stone Wall x1 |
| 20:36 | HaraKiri_aoe · wall_segment Stone Wall x1 |
| 20:36 | HaraKiri_aoe · wall_segment Stone Wall x1 |
| 20:52 | HaraKiri_aoe · first_market_sell 500 wood |
| 20:53 | HaraKiri_aoe · first_market_buy 100 food |
| 22:06 | if i lose it all · age_up castle |
| 23:36 | HaraKiri_aoe · age_up castle |
| 23:37 | HaraKiri_aoe · first_building Monastery |
| 25:51 | HaraKiri_aoe · first_building Siege Workshop |
| 26:30 | if i lose it all · first_market_buy 100 food |
| 28:08 | HaraKiri_aoe · first_building Castle |
| 29:12 | if i lose it all · wall_segment Palisade Wall x1 |
| 30:06 | if i lose it all · wall_segment Palisade Wall x1 |
| 30:31 | HaraKiri_aoe · wall_segment Palisade Wall x1 |
| 31:31 | if i lose it all · first_building Castle |
| 32:15 | if i lose it all · first_market_sell 100 wood |
| 32:26 | if i lose it all · first_building Monastery |
| 36:08 | if i lose it all · age_up imperial |
| 38:39 | if i lose it all · first_building Siege Workshop |
| 40:45 | HaraKiri_aoe · age_up imperial |
| 49:20 | HaraKiri_aoe · resign |
[ ANÁLISIS IA · 1 CRÉDITO ]
¿Qué pasó realmente en esta partida?
Wolo.gg analiza cada decisión: build order, eco, micro, errores típicos por bracket. Análisis personalizado por WhatsApp o Discord en 30 segundos.
Guía civ
Wu
Perfil
Jugador #5367941